 Dungeon Crawl Stone Soup version 0.25-a0-822-g6581751b11 (webtiles) character file.

Game seed: 4444432204662498664, levelgen mode: deterministic

5156 kae the Destroyer (level 10, -2/50 HPs)
             Began as a Tengu Air Elementalist on Apr 20, 2020.
             Was a Believer of Vehumet.
             Slain by an unseen horror (8 damage)
             ... on level 10 of the Dungeon.
             The game lasted 00:12:46 (12129 turns).

kae the Destroyer (Tengu Air Elementalist)         Turns: 12129, Time: 00:12:47

Health: -2/50      AC:  4    Str:  9    XL:     10   Next: 59%
Magic:  11/21      EV: 15    Int: 18    God:    Vehumet [**....]
Gold:   484        SH:  0    Dex: 20    Spells: 8/23 levels left

rFire    . . .     SeeInvis .   i - +1 whip
rCold    . . .     Gourm    .   (no shield)
rNeg     . . .     Faith    .   a - +2 robe
rPois    .         Spirit   .   (helmet restricted)
rElec    .         Reflect  .   (no cloak)
rCorr    .         Harm     .   (no gloves)
MR       .....                  (boots unavailable)
Stlth    +++.......             (no amulet)
HPRegen  0.56/turn              b - ring of stealth
MPRegen  0.17/turn              g - +3 ring of dexterity

@: about to teleport, flying quickly and evasively, quick
A: beak, talons 3, agile 1, sense surroundings 1, regeneration 1, MP-powered
wands, able to fly
a: Stop Flying, Renounce Religion


You were on level 10 of the Dungeon.
You worshipped Vehumet.
Vehumet was pleased with you.
You were not hungry.

You visited 2 branches of the dungeon, and saw 11 of its levels.
You also visited: Bailey.

You collected 484 gold pieces.

Inventory:

Hand Weapons
 i - a +1 whip (weapon)
Armour
 a - a +2 robe (worn)
Jewellery
 b - a ring of stealth (left hand)
 e - a +1 ring of protection
 g - a +3 ring of dexterity (right hand)
Wands
 f - a wand of acid (5)
 j - a wand of digging (2)
 o - a wand of enslavement (10)
 z - a wand of flame (34)
 C - a wand of polymorph (10)
Scrolls
 l - 3 scrolls of fog
 m - 2 scrolls of teleportation
 r - 2 scrolls of amnesia
 s - 5 scrolls of remove curse
 v - 2 scrolls of enchant armour
 x - a scroll of magic mapping
 y - 7 scrolls of identify
Potions
 d - a potion of resistance
 k - a potion of flight
 n - a potion of heal wounds
 p - 2 potions of might
 q - a potion of mutation
 t - 4 potions of curing
 u - a potion of brilliance
 w - 2 potions of haste
Comestibles
 c - 14 rations


   Skills:
 - Level 2.1 Dodging
 - Level 2.0 Stealth
 + Level 7.2 Spellcasting
 * Level 13.6 Conjurations
 + Level 10.7 Air Magic


You had 8 spell levels left.
You knew the following spells:

 Your Spells              Type           Power        Failure   Level  Hunger
a - Shock                 Conj/Air       ####         1%          1    None
b - Static Discharge      Conj/Air       ######..     1%          3    #......
c - Airstrike             Air            #####.....   1%          4    ###....
d - Lightning Bolt        Conj/Air       ######....   1%          5    #####..
e - Swiftness             Chrm/Air       ####....     1%          2    None

Your spell library contained the following spells:

 Spells                   Type           Power        Failure   Level  Hunger
 Ignite Poison            Fire/Tmut/Pois #.......     32%         3    #......
 Beastly Appendage        Tmut           #.....       11%         1    None
 Sticks to Snakes         Tmut           #.......     16%         2    None
 Spider Form              Tmut/Pois      #.........   32%         3    #......
 Ice Form                 Ice/Tmut       #.......     71%         4    ###....
 Blade Hands              Tmut           #.........   96%         5    #####..


Dungeon Overview and Level Annotations

Branches:
Dungeon (10/15)            Temple (1/1) D:6          Bailey (visited)
   Lair: D:8-11         Orc: D:9-12

Altars:
Ashenzari
Cheibriados
Dithmenos
Elyvilon
Fedhas
Gozag
Hepliaklqana
Kikubaaqudgha
Makhleb
Nemelex Xobeh
Okawaru
Qazlal
Ru
Sif Muna
Trog
Uskayaw
Vehumet
Wu Jian
Xom
Yredelemnul
Zin
The Shining One

Annotations:
D:2 Sigmund
D:4 Blork the orc


Innate Abilities, Weirdness & Mutations

You have a beak for a mouth.
You have claws for feet.
You can fly continuously.
You are agile. (Dex +2)
You passively map a small area around you.
Your natural rate of healing is unusually fast.
You expend magic power (3 MP) to strengthen your wands.


Message History

Found 15 arrows.
You start resting.
An electric eel comes into view.
You see here 15 arrows.
You start resting.
The sentinel's mark upon you fades away.
You start resting.
There is a strange disturbance nearby!
As you read the scroll of teleportation, it crumbles to dust.
You feel strangely unstable. Something hits you!
* * * LOW HITPOINT WARNING * * *
You feel much better. Something hits you!
* * * LOW HITPOINT WARNING * * *
An orc warrior comes into view. It is wielding a +0 flail.
Something hits you!
* * * LOW HITPOINT WARNING * * *
Found a ring mail.
An orc comes into view.
Something hits you!
You die...

,, ,.... ....
,..... #, * ...[. *
####., ......
.....o#######......
......o.(..........
####.......@.......
** #..#######......
..... ,, ..... ,
≈;≈≈≈≈ ≈ ≈ ≈ ≈ ≈≈≈≈
≈ ≈ ≈≈≈≈≈ ≈ ≈ ≈≈
≈≈≈ ≈ * #### * ##
,, , , , , * ,


You could see an orc warrior and an orc.

Vanquished Creatures
  A two-headed ogre (D:8)
  Eustachio (D:6)
  A hungry ghost (D:9)
  2 water moccasins
  4 orc warriors
  A black bear (D:9)
  3 sky beasts
  A phantom (D:8)
  4 ogres
  2 centaurs
  3 bullfrogs
  A gnoll sergeant (D:6)
  2 scorpions
  11 killer bees
  5 wights (D:9)
  4 howler monkeys
  2 crimson imps
  A centaur zombie (D:7)
  4 jellies
  3 centaur skeletons
  6 hounds
  4 orc priests
  6 orc wizards
  A bullfrog skeleton (D:4)
  Crazy Yiuf (D:6)
  3 iguanas
  9 worker ants
  A hound zombie (D:7)
  A hound skeleton (D:6)
  2 worker ant zombies (D:8)
  Robin (D:1)
  12 gnolls
  9 adders
  2 shadow imps
  8 oozes
  An adder zombie (D:5)
  An adder skeleton (D:4)
  2 worms
  2 dart slugs
  A leopard gecko (D:1)
  29 orcs
  A giant cockroach (D:1)
  16 goblins
  6 hobgoblins
  9 jackals
  7 kobolds
  5 quokkas
  2 ball pythons
  5 bats
  5 frilled lizards
  6 rats
220 creatures vanquished.

Notes
Turn   | Place    | Note
-------+----------+-------------------------------------------
     0 | D:1      | kae the Tengu Air Elementalist began the quest for the Orb.
     0 | D:1      | Reached XP level 1. HP: 10/10 MP: 4/4
   133 | D:1      | Reached skill level 2 in Conjurations
   200 | D:1      | Reached XP level 2. HP: 15/15 MP: 4/6
   735 | D:1      | Reached XP level 3. HP: 19/19 MP: 3/7
   815 | D:1      | Reached skill level 3 in Conjurations
   902 | D:2      | Noticed Robin
  1128 | D:1      | Killed Robin
  1440 | D:2      | Reached XP level 4. HP: 24/24 MP: 3/8
  1617 | D:2      | Noticed Sigmund
  1678 | D:2      | Reached skill level 4 in Conjurations
  2064 | D:2      | Learned a level 3 spell: Static Discharge
  2069 | D:2      | Learned a level 4 spell: Airstrike
  2620 | D:3      | Found a sparkling altar of Nemelex Xobeh.
  2786 | D:3      | Gained mutation: You can fly continuously. [Tengu growth]
  2786 | D:3      | Reached XP level 5. HP: 16/28 MP: 0/10
  3009 | D:3      | Reached skill level 5 in Air Magic
  3094 | D:4      | Noticed Blork the orc
  3417 | D:4      | Reached skill level 5 in Conjurations
  3650 | D:4      | Found a hide-covered altar of Uskayaw.
  4137 | D:4      | Reached XP level 6. HP: 32/32 MP: 6/11
  4503 | D:5      | Entered Level 5 of the Dungeon
  4524 | D:5      | Reached skill level 6 in Conjurations
  4873 | D:5      | Reached XP level 7. HP: 36/36 MP: 7/13
  5042 | D:5      | Reached skill level 7 in Conjurations
  5117 | D:5      | Found an iron altar of Okawaru.
  5190 | D:5      | Found a basalt altar of Yredelemnul.
  5458 | D:6      | Reached skill level 8 in Conjurations
  5495 | D:6      | Found a runed translucent door.
  5496 | D:6      | Noticed Crazy Yiuf
  5549 | D:6      | Reached XP level 8. HP: 41/41 MP: 9/15
  5584 | D:6      | Found a staircase to the Ecumenical Temple.
  5649 | Temple   | Entered the Ecumenical Temple
  5871 | Temple   | Became a worshipper of Vehumet
  6454 | D:6      | Noticed Eustachio
  6662 | D:6      | Found a glowing golden altar of the Shining One.
  6822 | D:6      | Learned a level 2 spell: Swiftness
  6828 | D:6      | Learned a level 5 spell: Lightning Bolt
  6861 | D:6      | Killed Crazy Yiuf
  6972 | D:6      | Killed Eustachio
  6972 | D:6      | Reached skill level 9 in Conjurations
  7182 | D:7      | Reached skill level 5 in Spellcasting
  7455 | D:7      | Reached skill level 10 in Conjurations
  7848 | D:7      | Found a flagged portal.
  7852 | D:7      | Reached * piety under Vehumet
  7852 | D:7      | Offered knowledge of Foxfire by Vehumet.
  7856 | Bailey   | Entered a bailey
  7858 | Bailey   | Gained mutation: You expend magic power (3 MP) to
                  | strengthen your wands. [potion of mutation]
  7858 | Bailey   | Gained mutation: You are agile. (Dex +2) [potion of
                  | mutation]
  7858 | Bailey   | Gained mutation: You passively map a small area around you.
                  | [potion of mutation]
  7858 | Bailey   | Gained mutation: Your natural rate of healing is unusually
                  | fast. [potion of mutation]
  7942 | D:7      | Reached XP level 9. HP: 45/45 MP: 8/18
  8638 | D:8      | Reached skill level 11 in Conjurations
  8874 | D:8      | Noticed a two-headed ogre
  8878 | D:8      | Killed a two-headed ogre
  8878 | D:8      | Reached skill level 12 in Conjurations
  9541 | D:8      | Reached XP level 10. HP: 50/50 MP: 17/20
  9681 | D:8      | Found a bloodstained altar of Trog.
  9758 | D:8      | Found an iron altar of Okawaru.
  9978 | D:9      | Reached skill level 10 in Air Magic
 10296 | D:9      | Offered knowledge of Sandblast by Vehumet.
 10399 | D:8      | Reached ** piety under Vehumet
 10681 | D:9      | Reached skill level 13 in Conjurations
 11456 | D:9      | Found a stormy altar of Qazlal.
 11782 | D:9      | Offered knowledge of Ignite Poison by Vehumet.
 12010 | D:10     | Entered Level 10 of the Dungeon
 12129 | D:10     | Slain by an unseen horror

Levels and vault maps discovered:
D:1:      wander_arrival_lonely_grave, layout_loops_cross
D:2:      layout_basic, first_ration, minmay_cupped, uniq_sigmund, uniq_robin
D:3:      layout_rooms, nemelex_xobeh_ov_fountains_minmay
D:4:      layout_loops_corners, lemuel_round_altar, minmay_small_thing,
          uniq_blork_the_orc
D:5:      layout_rooms, nicolae_overflow_hidden_temple, basic_altar
D:6:      layout_basic, kennysheep_little_box, minmay_temple_entry_antechambers,
          uniq_eustachio, uniq_crazy_yiuf_cottage
D:7:      layout_gridville, enter_bailey_3
D:8:      layout_basic, lemuel_round_altar, lemuel_round_altar
D:9:      layout_loops_ring, grunt_qazlal_sundering,
          hangedman_little_slice_of_home, lemuel_flamethrower_2
D:10:     layout_small_grid, erik_orc_2
Temple:   regret_index_temple_generic_petals

Skill      XL: |  1  2  3  4  5  6  7  8  9 10 |
---------------+-------------------------------+-----
Conjurations   | 2 3 4 5 6 8 10 12 13 | 13.6
Air Magic      | 5 6 8 9 10 | 10.7
Spellcasting   | 3 4 5 6 7 |  7.2
Dodging        | |  2.1
Stealth        | |  2.0

Action                   |  1- 3 |  4- 6 |  7- 9 | 10-12 || total
-------------------------+-------+-------+-------+-------++-------
Melee: Unarmed           |    28 |    12 |       |       ||    40
       Kick              |     4 |     6 |    16 |     2 ||    28
       Peck              |     2 |     3 |     9 |     1 ||    15
       Whip              |       |     3 |    37 |    15 ||    55
 Cast: Shock             |    52 |   138 |   166 |    90 ||   446
       Airstrike         |       |     1 |    33 |    35 ||    69
       Static Discharge  |       |       |    18 |     8 ||    26
       Swiftness         |       |       |     1 |     2 ||     3
       Lightning Bolt    |       |       |       |     6 ||     6
 Abil: Fly               |       |     1 |       |       ||     1
  Use: Potion            |     2 |     2 |     4 |     2 ||    10
       Scroll            |     1 |     6 |     6 |     5 ||    18
  Eat: Chunk             |     2 |     8 |    19 |     7 ||    36
       Ration            |       |     1 |       |     2 ||     3
Armor: Robe              |    10 |     6 |    12 |    13 ||    41
Dodge: Dodged            |    39 |    24 |   108 |    49 ||   220

Table legend:
 A = Non-vault XP
 B = Vault XP
 C = Vault XP percentage of total XP
 D = Non-vault monster count
 E = Vault monster count
 F = Vault count percentage of total count
                 A         B        C        D         E       F
            +---------+---------+-------+---------+---------+-------
      Total |    6789 |     578 |   7.8 |     190 |      30 |  13.6
            +---------+---------+-------+---------+---------+-------
        D:1 |      39 |      25 |  39.1 |      18 |       6 |  25.0
        D:2 |      63 |      14 |  18.2 |      15 |       8 |  34.8
        D:3 |      34 |       0 |   0.0 |      15 |       0 |   0.0
        D:4 |     104 |     128 |  55.2 |       8 |       2 |  20.0
        D:5 |     514 |       0 |   0.0 |      16 |       0 |   0.0
        D:6 |     575 |     234 |  28.9 |      22 |       2 |   8.3
        D:7 |     947 |       7 |   0.7 |      27 |       4 |  12.9
        D:8 |    2368 |       0 |   0.0 |      30 |       0 |   0.0
        D:9 |    1945 |     170 |   8.0 |      35 |       8 |  18.6
       D:10 |     200 |       0 |   0.0 |       4 |       0 |   0.0
            +---------+---------+-------+---------+---------+-------
